 Dungeon Crawl Stone Soup version 0.26-a0-667-g92642533e4 (webtiles) character file.

Game seed: 12162093009641103193

158 Radels the Chopper (level 5, -7/46 HPs)
             Began as a Hill Orc Fighter on Oct 16, 2020.
             Mangled by an ogre
             ... wielding a +0 giant club
              (31 damage)
             ... on level 4 of the Dungeon.
             The game lasted 00:04:30 (2411 turns).

Radels the Chopper (Hill Orc Fighter)               Turns: 2411, Time: 00:04:31

Health: -7/46      AC:  7    Str: 20    XL:     5   Next: 40%
Magic:  5/5        EV:  7    Int:  8    God:
Gold:   192        SH:  9    Dex: 10    Spells: 4/4 levels left

rFire    . . .     SeeInvis .   a - +0 war axe
rCold    . . .     Faith    .   c - +0 kite shield
rNeg     . . .     Spirit   .   b - +0 scale mail
rPois    .         Reflect  .   (no helmet)
rElec    .         Harm     .   (no cloak)
rCorr    .         Rampage  .   (no gloves)
MR       .....                  (no boots)
Stlth    ..........             (no amulet)
HPRegen  0.15/turn              (no ring)
MPRegen  0.09/turn              (no ring)

@: no status effects
A: no striking features
a: no special abilities


You were on level 4 of the Dungeon.
You visited 1 branch of the dungeon, and saw 4 of its levels.

You collected 192 gold pieces.

Inventory:

Hand Weapons
 a - a +0 war axe (weapon)
Armour
 b - a +0 scale mail (worn)
 c - a +0 kite shield (worn)
Jewellery
 g - an uncursed amulet of faith
Scrolls
 e - 4 scrolls of identify {unknown}
 f - 4 scrolls of remove curse {unknown}
 j - 2 scrolls of fear {unknown}
 k - 6 scrolls of teleportation {unknown}
 m - a scroll of enchant armour {unknown}
 n - a scroll of fog {unknown}
 o - a scroll of enchant weapon {unknown}
 r - a scroll of random uselessness {unknown}
Potions
 d - 2 potions of might
 h - a potion of resistance {unknown}
 i - 2 potions of stabbing {unknown}
 l - a potion of heal wounds {unknown}
 q - a potion of lignification {unknown}
 s - a potion of curing {unknown}


   Skills:
 - Level 4.0 Fighting
 + Level 5.8 Axes
 - Level 4.0 Armour
 - Level 4.0 Shields


You had 4 spell levels left.
You didn't know any spells.
Your spell library was empty.

Dungeon Overview and Level Annotations

Branches:
Dungeon (4/15)
 Temple: D:4-7

Altars:
Ashenzari
Okawaru

Annotations:
D:3 3 runed translucent doors, Anaz's ghost, amateur DgAE


Message History

The ogre shouts!
You see here a short sword.
Quiver which item? (- for none, * to show all) (? for menu, Esc to quit)
Okay, then.
Throwing (i - inventory)
p - a throwing net (quivered)
Press: ? - help, Shift-Dir - straight line, f - ogre
Aim: an ogre, wielding a +0 giant club You throw a throwing net.
The throwing net barely misses the ogre.
You hit the ogre.
The ogre is lightly wounded.
The ogre hits you with a +0 giant club!!
You hit the ogre but do no damage.
The ogre is lightly wounded.
You block the ogre's attack.
You hit the ogre.
The ogre is moderately wounded.
The ogre hits you with a +0 giant club!!
Ouch! That really hurt!
You die...

#.....# # ..##
#.....###+## #...
#.....#.## #....
#.....'... #....
#.....#...
##....##########.....###.
..........(........### ##
...................#
.(.....O@..........#
...................#
....#####..........# ...
######.....# # #.....#
#.....# #.....# #.....#


You could see an ogre.

Vanquished Creatures
  2 orc wizards (D:3)
  An adder skeleton (D:4)
  2 worms
  4 leopard geckos
  12 orcs (D:3)
  2 giant cockroaches
  10 goblins
  9 hobgoblins
  8 jackals (D:3)
  10 kobolds
  A quokka (D:3)
  5 bats
  2 frilled lizards
  5 rats
73 creatures vanquished.

Notes
Turn   | Place    | Note
-------+----------+-------------------------------------------
     0 | D:1      | Radels the Hill Orc Fighter began the quest for the Orb.
     0 | D:1      | Reached XP level 1. HP: 19/19 MP: 1/1
    98 | D:1      | Reached skill level 3 in Axes
    98 | D:1      | Reached XP level 2. HP: 27/27 MP: 2/2
   671 | D:2      | Found an iron altar of Okawaru.
   705 | D:2      | Reached XP level 3. HP: 32/33 MP: 3/3
  1195 | D:3      | Reached skill level 4 in Axes
  1195 | D:3      | Reached XP level 4. HP: 22/40 MP: 4/4
  1380 | D:3      | Found a broken altar of Ashenzari.
  1398 | D:3      | Found a runed translucent gate.
  1398 | D:3      | Found a runed translucent gate.
  1398 | D:3      | Found a runed translucent gate.
  1404 | D:3      | Noticed an ice beast
  1408 | D:3      | Noticed Anaz's ghost (amateur DgAE)
  1967 | D:3      | Reached skill level 5 in Axes
  2032 | D:3      | Reached XP level 5. HP: 42/46 MP: 5/5
  2404 | D:4      | Noticed an ogre
  2411 | D:4      | Mangled by an ogre

Illustrated notes

Levels and vault maps discovered:
D:1:      minmay_arrival_statue_studded, layout_loops_ring
D:2:      layout_basic, okawaru_ov_weapons_minmay
D:3:      layout_basic, gammafunk_ghost_split, st_stairs_7,
          nicolae_ashenzari_panopticon
D:4:      cheibrodos_quashed, layout_gridville, gammafunk_temple_overflow_wave,
          nicolae_ossuary_entry_giza

Skill      XL: |  1  2  3  4 |
---------------+-------------+-----
Axes           | 3 4 5 |  5.8
Fighting       | 4 |  4.0
Armour         | 4 |  4.0
Shields        | 4 |  4.0

Action                   |  1- 3 |  4- 6 || total
-------------------------+-------+-------++-------
Melee: War axe           |    90 |    83 ||   173
Throw: Throwing net      |       |     1 ||     1
Armor: Scale mail        |    38 |    37 ||    75
Dodge: Dodged            |    30 |    36 ||    66
Block: Kite shield       |    41 |    46 ||    87

Table legend: (Time is in decaauts)
 A = Elapsed time spent in this place.
 B = Non-inter-level travel time spent in this place.
 C = Inter-level travel time spent in this place.
 D = Time resting spent in this place.
 E = Time spent auto-exploring this place.
 F = Levels seen in this place.
 G = Mean time per level.
                   A        B        C        D        E       F      G
               +--------+--------+--------+--------+--------+-----+--------+
         Total |   2473 |   2389 |     84 |      0 |   1911 |   4 |  618.2 |
       Dungeon |   2473 |   2389 |     84 |      0 |   1911 |   4 |  618.2 |
               +--------+--------+--------+--------+--------+-----+--------+

Top non-repeatable levels by time:
     D:3: 1204 daAuts
     D:1: 631 daAuts
     D:2: 577 daAuts
     D:4: 59 daAuts
